 Dungeon Crawl Stone Soup version 0.30.1-9-gdf580d7c3d (webtiles) character file.

Game seed: 12920898330977728614

476 Dillybarz the Chopper (level 6, -1/56 HPs)
             Began as a Minotaur Fighter on Oct 6, 2023.
             Slain by Prince Ribbit (13 damage)
             ... on level 5 of the Dungeon.
             The game lasted 00:10:45 (3346 turns).

Dillybarz the Chopper (Minotaur Fighter)            Turns: 3346, Time: 00:10:46

Health: -1/56      AC: 18    Str: 23    XL:     6   Next: 84%
Magic:  5/5        EV:  6    Int:  5    God:
Gold:   187        SH:  4    Dex:  9    Spells: 5/5 levels left

rFire   . . .        a - +1 war axe
rCold   . . .        c - +0 buckler
rNeg    . . .        j - +0 plate armour
rPois   .            (helmet restricted)
rElec   .            m - +0 cloak
rCorr   .            o - +1 pair of gloves
SInv    .            l - +1 pair of boots
Will    .....        (no amulet) Stlth
                     (no ring)
HPRegen 0.29/turn    (no ring)
MPRegen 0.09/turn

%: no passive effects
@: mighty
A: horns 2, retaliatory headbutt
a: no special abilities


You were on level 5 of the Dungeon.
You visited 1 branch of the dungeon, and saw 5 of its levels.

You collected 187 gold pieces.

Inventory:

Hand Weapons
 a - a +1 war axe (weapon)
Armour
 c - a +0 buckler (worn)
 j - a +0 plate armour (worn)
 l - a +1 pair of boots (worn)
 m - a +0 cloak (worn)
 o - a +1 pair of gloves (worn)
Jewellery
 g - a ring of flight
Scrolls
 e - 4 scrolls of teleportation
 f - a scroll of magic mapping
 h - 5 scrolls of identify
Potions
 i - 4 potions of curing


   Skills:
 + Level 5.2 Fighting
 * Level 5.9 Axes
 + Level 5.2 Armour
 + Level 5.3 Shields


You had 5 spell levels left.
You didn't know any spells.
Your spell library contained the following spells:

 Spells                   Type           Power      Damage    Failure   Level
 Foxfire                  Conj/Fire      0%         2x1d4     100%        1
 Lesser Beckoning         Tloc           0%         N/A       100%        2
 Poisonous Vapours        Pois/Air       0%         N/A       100%        2
 Gell's Gravitas          Tloc           0%         N/A       100%        3
 Mephitic Cloud           Conj/Pois/Air  0%         N/A       100%        3
 Teleport Other           Tloc           0%         N/A       100%        3
 Fireball                 Conj/Fire      0%         3d3       100%        5
 Freezing Cloud           Conj/Ice/Air   0%         6-21      100%        5
 Plasma Beam              Fire/Air       0%         2x1d11    100%        6
 Starburst                Conj/Fire      0%         6d3       100%        6


Dungeon Overview and Level Annotations

Branches:
Dungeon (5/15)
 Temple: D:4-7

Altars:
Kikubaaqudgha

Portals:
Abyss: D:4

Annotations:
D:4 2 transporters, GreenGuy14's ghost, amateur DrIE
D:5 Prince Ribbit


Innate Abilities, Weirdness & Mutations

You have a pair of horns on your head.
You reflexively headbutt those who attack you in melee.


Message History

Prince Ribbit hits you but does no damage.
You slash Prince Ribbit! Your headbutt misses Prince Ribbit.
Prince Ribbit is severely wounded.
Prince Ribbit hits you but does no damage.
You closely miss Prince Ribbit. Your headbutt misses Prince Ribbit.
Prince Ribbit is severely wounded.
Prince Ribbit hits you but does no damage.
Prince Ribbit barely misses you. You furiously retaliate!
You headbutt Prince Ribbit! You closely miss Prince Ribbit.
Prince Ribbit is almost dead.
Prince Ribbit hits you but does no damage.
You hit Prince Ribbit.
Prince Ribbit is almost dead.
Prince Ribbit hits you.
* * * LOW HITPOINT WARNING * * *
Prince Ribbit hits you.
* * * LOW HITPOINT WARNING * * *
You barely miss Prince Ribbit. Your headbutt misses Prince Ribbit.
Prince Ribbit is almost dead.
Prince Ribbit barely misses you. x2
You barely miss Prince Ribbit. Your headbutt misses Prince Ribbit.
Prince Ribbit is almost dead.
Prince Ribbit hits you.
* * * LOW HITPOINT WARNING * * *
Prince Ribbit hits you but does no damage.
You closely miss Prince Ribbit. You headbutt Prince Ribbit.
Prince Ribbit is almost dead.
Prince Ribbit hits you but does no damage.
You closely miss Prince Ribbit.
Prince Ribbit is almost dead.
Prince Ribbit hits you but does no damage.
Prince Ribbit blinks!
You miss Prince Ribbit.
Prince Ribbit is almost dead.
Prince Ribbit blinks!
Prince Ribbit blinks!
Prince Ribbit blinks!
Found a stone staircase leading down.
Prince Ribbit hits you!
You die...

# .#
######.#
#....#.#
#......# #
#...@F###.#
#....#...>#
#!...#.####
#......#
#####..####
#..[<.#
##.##..#
#..# #....
#.## #####


You could see Prince Ribbit.

Vanquished Creatures
  An orc warrior (D:4)
  A phantom (D:4)
  A scorpion (D:4)
  A jelly (D:3)
  A sleepcap (D:3)
  An iguana (D:4)
  3 gnolls (D:4)
  5 adders
  An ufetubus (D:4)
  2 worms
  A dart slug (D:1)
  5 orcs
  7 ball pythons
  6 bats
  6 endoplasms
  A giant cockroach (D:1)
  8 goblins
  5 hobgoblins
  3 jackals (D:3)
  4 frilled lizards
  5 kobolds
  5 rats
73 creatures vanquished.

Vanquished Creatures (others)
  A human (D:3)
1 creature vanquished.

Grand Total: 74 creatures vanquished

Notes
Turn   | Place    | Note
-------+----------+-------------------------------------------
     0 | D:1      | Dillybarz the Minotaur Fighter began the quest for the Orb.
     0 | D:1      | Reached XP level 1. HP: 19/19 MP: 0/0
   182 | D:1      | Reached XP level 2. HP: 27/27 MP: 1/1
   643 | D:2      | Reached XP level 3. HP: 26/33 MP: 2/2
   905 | D:2      | Found a faded altar of an unknown god.
   905 | D:2      | Noticed a golden eye
   909 | D:2      | Noticed a great orb of eyes
   918 | D:2      | Noticed a shining eye
   918 | D:2      | Noticed an eye of devastation
  1402 | D:3      | Reached XP level 4. HP: 23/40 MP: 3/3
  1892 | D:3      | Found an ancient bone altar of Kikubaaqudgha.
  1893 | D:3      | Noticed a human
  1895 | D:3      | Killed a human
  1930 | D:4      | Reached XP level 5. HP: 44/47 MP: 4/4
  2065 | D:4      | Noticed an orc warrior
  2330 | D:4      | Found a transporter.
  2330 | D:4      | Noticed an ancient zyme
  2335 | D:4      | Noticed GreenGuy14's ghost (amateur DrIE)
  2337 | D:4      | Found a one-way gate to the infinite horrors of the Abyss.
  2374 | D:4      | Found a transporter.
  2571 | D:4      | Noticed a phantom
  2587 | D:4      | Killed a phantom
  2588 | D:4      | Reached skill level 5 in Axes
  2588 | D:4      | Reached skill level 5 in Shields
  2588 | D:4      | Reached XP level 6. HP: 53/55 MP: 5/5
  2622 | D:4      | Killed an orc warrior
  2623 | D:4      | Reached skill level 5 in Fighting
  2623 | D:4      | Reached skill level 5 in Armour
  3124 | D:5      | Entered Level 5 of the Dungeon
  3138 | D:5      | Noticed Prince Ribbit
  3346 | D:5      | Slain by Prince Ribbit

Illustrated notes

Levels and vault maps discovered:
D:1:      tarquinn_simple_flora_water_e, layout_loops_ring,
          chequers_serial_rivers_large_a, kennysheep_doodads
D:2:      layout_loops_ring, hellmonk_ecumenical_altar_watching_god,
          roderic_lattice_a
D:3:      layout_rooms, tgw_kikubaaqudgha
D:4:      layout_loops_cross, gammafunk_ghost_abyssal_escape,
          minmay_misc_feat_diagonals
D:5:      layout_rooms, minmay_temple_entry_overgrown, uniq_prince_ribbit1

Skill      XL: |  1  2  3  4  5  6 |
---------------+-------------------+-----
Axes           | 3 4 5 |  5.9
Fighting       | 4 5 |  5.2
Armour         | 4 5 |  5.2
Shields        | 4 5 |  5.3

Action                     |  1- 3 |  4- 6 || total
---------------------------+-------+-------++-------
  Melee: War axe           |    71 |   125 ||   196
         Headbutt          |    11 |    13 ||    24
    Use: Scroll            |       |     7 ||     7
         Potion            |       |     1 ||     1
 Armour: Scale mail        |    34 |    55 ||    89
         Plate armour      |       |    16 ||    16
  Dodge: Dodged            |    27 |    61 ||    88
  Block: Buckler           |    14 |    31 ||    45
